 Dungeon Crawl Stone Soup version 0.29.0-5-ge4962eb29e (webtiles) character file.

Game seed: 5264235486714716248

55 112233 the Ducker (level 3, -3/17 HPs)
             Began as a Felid Fighter on Aug 27, 2022.
             Was a Believer of Sif Muna.
             Slain by a goblin
             ... wielding a +0 dagger
             ... led by Robin
              (5 damage)
             ... on level 1 of the Dungeon on Aug 29, 2022.
             The game lasted 00:01:57 (2107 turns).

112233 the Ducker (Felid Fighter)                   Turns: 2107, Time: 00:01:57

Health: -3/17      AC:  1    Str: 12    XL:     3   Next: 67%
Magic:  4/4        EV: 19    Int: 11    God:    Sif Muna [**....]
Gold:   102        SH:  0    Dex: 15    Spells: 2/2 levels left
                                        Lives:  0   Deaths: 0

rFire   . . .      SeeInvis +     - Unarmed
rCold   . . .      Faith    .   (shield unavailable)
rNeg    . . .      Spirit   .   (body armour unavailable)
rPois   .          Reflect  .   (helmet unavailable)
rElec   .          Harm     .   (cloak unavailable)
rCorr   .          Rampage  .   (gloves unavailable)
Will    .....                   (boots unavailable)
Stlth   +.........              (no amulet)
HPRegen 0.05/turn               (no ring)
MPRegen 0.09/turn               (no ring)

@: quick
A: very small, claws 1, fangs 3, see invisible, speed 1, shaggy fur 1, stealthy
paws, no weapons or thrown items, no armour, multi-lived
a: Renounce Religion, Channel Magic


You were on level 1 of the Dungeon.
You worshipped Sif Muna.
Sif Muna was pleased with you.
You visited 1 branch of the dungeon, and saw 2 of its levels.

You collected 102 gold pieces.

Inventory:

Scrolls
 a - 3 scrolls of torment {unknown}
 b - a scroll of fear {unknown}
 e - 2 scrolls of acquirement {unknown}
 h - a scroll of enchant weapon {unknown}
 i - a scroll of vulnerability {unknown}
Potions
 c - a potion of curing {unknown}
 f - a potion of degeneration {unknown}
 g - a potion of invisibility {unknown}


   Skills:
 + Level 3.5 Fighting
 + Level 4.7 Dodging
 * Level 4.6 Unarmed Combat
 + Level 0.0 Spellcasting


You had 2 spell levels left.
You didn't know any spells.
Your spell library contained the following spells:

 Spells                   Type           Power      Damage    Failure   Level
 Ozocubu's Armour         Ice            0%         N/A       71%         3
 Metabolic Englaciation   Hex/Ice        0%         N/A       100%        5
 Simulacrum               Ice/Necr       0%         N/A       100%        6


Dungeon Overview and Level Annotations

Branches:
Dungeon (2/15)

Altars:
Sif Muna

Annotations:
D:2 Robin


Innate Abilities, Weirdness & Mutations

You have sharp claws.
You have razor-sharp teeth.
You have supernaturally acute eyesight. (SInv)
You cover ground quickly. (Speed+)
You are covered in fur. (AC +1)
Your paws help you pounce on unaware monsters.
You are incapable of wielding weapons or throwing items.
You cannot wear armour.
You gain extra lives every three experience levels.


Message History

Unknown command.
You barely miss the goblin.
The goblin is heavily wounded.
Robin roars a battlecry!
The goblins go into a battle-frenzy!
A hobgoblin comes into view.
The goblin barely misses you.
Unknown command.
Unknown command.
You scratch the goblin but do no damage.
The goblin is heavily wounded.
You barely miss the goblin.
The goblin is heavily wounded.
The goblin hits you with a +0 dagger. The goblin barely misses you.
Unknown command.
The goblin closely misses you. The goblin barely misses you.
You climb upwards.
There is a stone staircase leading down here.
Unknown command.
Unknown command.
You closely miss the goblin.
The goblin is heavily wounded.
The goblin hits you with a +0 dagger.
* * * LOW HITPOINT WARNING * * *
The goblin barely misses you.
You claw the goblin!
You kill the goblin!
Sif Muna accepts your kill. The goblin hits you with a +0 dagger.
* * * LOW HITPOINT WARNING * * *
Unknown command.
Things that are here:
a +0 dagger; a goblin corpse You barely miss the goblin.
The goblin closely misses you.
You barely miss the goblin. The goblin barely misses you.
You barely miss the goblin. The goblin closely misses you.
You scratch the goblin.
The goblin is almost dead.
The goblin hits you with a +0 dagger.
You die...

##.....###.#####.###
♣♣..♣
##.#.##.#...........#
♣♣.♣
###.###.....####.##.###
♣♣.♣ .....#....###
#.##.#### ♣..♣
#####.##### #.##.##.#
♣..♣ ### #.##....##
###.# #.######.# #.#.#
#g# #.# #.... #@# #.#
####. #.# #.# #####.
#.# #.####...#.
#.######.....###..
#...........## ##.
###########.# #. #.##
##. ##.###.# ##...##


You could see a goblin (strong).

Vanquished Creatures
  Terence (D:2)
  A worm (D:2)
  A dart slug (D:1)
  3 bats
  A giant cockroach (D:1)
  5 goblins
  5 hobgoblins
  3 ball pythons
  A frilled lizard (D:1)
  3 kobolds (D:1)
  4 rats
28 creatures vanquished.

Notes
Turn   | Place    | Note
-------+----------+-------------------------------------------
     0 | D:1      | 112233 the Felid Fighter began the quest for the Orb.
     0 | D:1      | Reached XP level 1. HP: 10/10 MP: 2/2
    58 | D:1      | Found a faded altar of an unknown god.
    83 | D:1      | Prayed at the altar of an unknown god.
    83 | D:1      | Became a worshipper of Sif Muna the Loreminder
    83 | D:1      | Reached * piety under Sif Muna
   256 | D:1      | Reached XP level 2. HP: 14/14 MP: 3/3
  1109 | D:2      | Noticed Terence
  1117 | D:2      | Killed Terence
  1118 | D:2      | Reached XP level 3. HP: 8/17 MP: 4/4
  1394 | D:2      | Found a shimmering blue altar of Sif Muna.
  1500 | D:2      | Reached ** piety under Sif Muna
  1724 | D:2      | Noticed Robin
  2048 | D:1      | Upgraded the game from 0.29.0-4-gdea44cf6ec to
                  | 0.29.0-5-ge4962eb29e
  2107 | D:1      | Slain by a goblin

Illustrated notes

Levels and vault maps discovered:
D:1:      roderic_dead_forest, layout_loops_ring, ebering_ecumenical_altar_mist,
          hangedman_abyss_or_decor_lesser_grid, minmay_liquid_box
D:2:      layout_loops_ring, basic_altar, uniq_robin, uniq_terence

Action                   || total
-------------------------++-------
Melee: Unarmed           ||    92
       Bite              ||     8
       Punch             ||     1
  Use: Potion            ||     1
       Scroll            ||     1
 Stab: Sleeping          ||     3
Armor: Skin              ||     6
Dodge: Dodged            ||    65
